ITL
WABA DUCKS @ TUSCALOOSA TROUT SLAYERS
05/13/2026
 
TOP OF THE 1ST
Waba Ducks batting - Pitching for Tuscaloosa Trout Slayers : RHP Rodney Hall
Pitching: RHP Rodney Hall
Batting: LHB Javier Orozco 0-0: Called Strike
0-1: Ground out 4-3 (Groundball, 4M)
Batting: RHB Don Keating 0-0: Called Strike
0-1: SINGLE (Flyball, 8RS)
Batting: LHB Terry White 0-0: Foul Ball, location: 2F
0-1: Ball
1-1: Ball
Don Keating steals 2nd base
2-1: Called Strike
2-2: Strikes out looking
Batting: RHB Chris Osborn 0-0: Called Strike
0-1: Ball
1-1: Swinging Strike
1-2: Strikes out swinging
Top of the 1st over - 0 run(s), 1 hit(s), 0 error(s), 1 left on base; Waba 0 - Tuscaloosa 0
BOTTOM OF THE 1ST
Tuscaloosa Trout Slayers batting - Pitching for Waba Ducks : RHP Anthony Rigsby
Pitching: RHP Anthony Rigsby
Batting: RHB Pat Fullerton 0-0: Called Strike
0-1: Foul Ball, location: 2F
0-2: Ball
1-2: Ball
2-2: Ground out 5-3 (Groundball, 56)
Batting: RHB Jason Erickson 0-0: Swinging Strike
0-1: Foul Ball, location: 2F
0-2: Ground out 6-3 (Groundball, 6)
Batting: SHB Jerry Kennedy 0-0: Ball
1-0: Swinging Strike
1-1: Ball
2-1: Ball
3-1: Called Strike
3-2: Strikes out looking
Bottom of the 1st over - 0 run(s), 0 hit(s), 0 error(s), 0 left on base; Waba 0 - Tuscaloosa 0
TOP OF THE 2ND
Waba Ducks batting - Pitching for Tuscaloosa Trout Slayers : RHP Rodney Hall
Batting: RHB Ed Small 0-0: Ball
1-0: Ball
2-0: Ball
3-0: Called Strike
3-1: Base on Balls
Batting: RHB Pedro Molina 0-0: Ball
1-0: Foul Ball, location: 2F
1-1: Ball
2-1: Swinging Strike
2-2: SINGLE (Line Drive, 89M)
Ed Small to second
Batting: RHB Ángelo García 0-0: Foul Ball, location: 2F
0-1: Ball
1-1: Swinging Strike
1-2: Strikes out swinging
Batting: SHB Cisco Álvarez 0-0: Swinging Strike
0-1: Foul Ball, location: 2F
0-2: Fly out, F8 (Flyball, 8LM)
Batting: RHB António Valdéz 0-0: SINGLE (Groundball, 4MD)
Ed Small to third
Pedro Molina to second
Runner from 3rd tries for Home, SAFE, no throw or cutoff
Batting: LHB Javier Orozco 0-0: Called Strike
0-1: Ball
1-1: Reached on error, E4 (Groundball, 4)
Pedro Molina to third
António Valdéz to second
Batting: RHB Don Keating 0-0: Ball
1-0: Swinging Strike
1-1: Foul Ball, location: 2F
1-2: Ball
2-2: SINGLE (Line Drive, 8RS)
Pedro Molina scores
António Valdéz to third
Javier Orozco to second
Runner from 3rd tries for Home, SAFE, no throw or cutoff
Batting: LHB Terry White 0-0: Ball
1-0: Ball
2-0: Ball
3-0: Foul Ball, location: 2F
3-1: DOUBLE (Line Drive, 7LS)
Javier Orozco scores
Don Keating to third
Batting: RHB Chris Osborn 0-0: Called Strike
0-1: Ball
1-1: Swinging Strike
1-2: Strikes out swinging
Top of the 2nd over - 4 run(s), 4 hit(s), 1 error(s), 2 left on base; Waba 4 - Tuscaloosa 0
BOTTOM OF THE 2ND
Tuscaloosa Trout Slayers batting - Pitching for Waba Ducks : RHP Anthony Rigsby
Batting: LHB Miguel Rosa 0-0: Ground out 4-3 (Groundball, 4M)
Batting: LHB Damon Mitchell 0-0: Ball
1-0: Ball
2-0: Ball
3-0: Base on Balls
Batting: LHB Ricardo Berroa 0-0: Ball
1-0: Foul Ball, location: 2F
1-1: SINGLE (Line Drive, 6MD)
Damon Mitchell to second
Batting: LHB Sergio Barrón 0-0: DOUBLE (Line Drive, 8LD)
Damon Mitchell scores
Ricardo Berroa to third
Runner from 3rd tries for Home, SAFE, throw made home
Batting: LHB Ed Hart 0-0: Ball
1-0: Ball
2-0: Called Strike
2-1: Foul Ball, location: 2F
2-2: Ball
3-2: SINGLE (Groundball, 15) (infield hit)
Sergio Barrón to third
Batting: RHB Dave Hall 0-0: Ball
1-0: Called Strike
1-1: Ball
2-1: Called Strike
2-2: Ball
3-2: Foul Ball, location: 2F
3-2: Foul Ball, location: 2F
3-2: SINGLE (Groundball, 6D)
Sergio Barrón scores
Ed Hart to second
Batting: RHB Pat Fullerton 0-0: Ball
1-0: SINGLE (Flyball, 7S)
Ed Hart to third
Dave Hall to second
Runner from 3rd tries for Home, SAFE, throw made home
Dave Hall to third
Pat Fullerton to second
Batting: RHB Jason Erickson 0-0: Ball
1-0: Ball
2-0: Foul Ball, location: 2F
2-1: Ball
3-1: Base on Balls
Batting: SHB Jerry Kennedy 0-0: Ball
1-0: Grounds into double play, 1-2-3 (Groundball, 3S)
Bottom of the 2nd over - 4 run(s), 5 hit(s), 0 error(s), 2 left on base; Waba 4 - Tuscaloosa 4
TOP OF THE 3RD
Waba Ducks batting - Pitching for Tuscaloosa Trout Slayers : RHP Rodney Hall
Batting: RHB Ed Small 0-0: Ball
1-0: Ground out U3 (Groundball, 3S)
Batting: RHB Pedro Molina 0-0: Fly out, F8 (Flyball, 8LD)
Batting: RHB Ángelo García 0-0: Ball
1-0: Ball
2-0: Called Strike
2-1: SINGLE (Line Drive, 56D)
Batting: SHB Cisco Álvarez Pickoff Throw to First - Out!
Top of the 3rd over - 0 run(s), 1 hit(s), 0 error(s), 0 left on base; Waba 4 - Tuscaloosa 4
BOTTOM OF THE 3RD
Tuscaloosa Trout Slayers batting - Pitching for Waba Ducks : RHP Anthony Rigsby
Batting: LHB Miguel Rosa 0-0: SOLO HOME RUN (Flyball, 78D), Distance : 369 ft
Batting: LHB Damon Mitchell 0-0: Called Strike
0-1: Foul Ball, location: 2F
0-2: Ball
1-2: Ball
2-2: Ball
3-2: SINGLE (Line Drive, 34)
Batting: LHB Ricardo Berroa 0-0: Ball
1-0: Ball
2-0: Ball
3-0: Called Strike
3-1: Foul Ball, location: 2F
3-2: Base on Balls
Damon Mitchell to second
Batting: LHB Sergio Barrón 0-0: Called Strike
0-1: Fly out, F7 (Flyball, 7M)
Batting: LHB Ed Hart 0-0: Called Strike
0-1: Ball
1-1: Swinging Strike
1-2: Ball
2-2: Ball
3-2: Base on Balls
Damon Mitchell to third
Ricardo Berroa to second
Batting: RHB Dave Hall 0-0: SINGLE (Groundball, 4MD) (infield hit)
Damon Mitchell scores
Ricardo Berroa to third
Ed Hart to second
Batting: RHB Pat Fullerton 0-0: Ball
1-0: Swinging Strike
1-1: Foul Ball, location: 2F
1-2: Foul Ball, location: 2F
1-2: Ball
2-2: Foul Ball, location: 2F
2-2: Foul Ball, location: 2F
2-2: GRAND SLAM HOME RUN (Flyball, 7D), Distance : 341 ft
Pitching: RHP Andrew Barnard
Batting: RHB Jason Erickson 0-0: Ball
1-0: Foul Ball, location: 2F
1-1: Ball
2-1: Ball
3-1: Base on Balls
Batting: SHB Jerry Kennedy 0-0: Foul Ball, location: 2F
0-1: Ball
1-1: Called Strike
1-2: Foul Ball, location: 2F
1-2: Grounds into double play, 3-6-4 (Groundball, 34)
Bottom of the 3rd over - 6 run(s), 4 hit(s), 0 error(s), 0 left on base; Waba 4 - Tuscaloosa 10
TOP OF THE 4TH
Waba Ducks batting - Pitching for Tuscaloosa Trout Slayers : RHP Rodney Hall
Batting: SHB Cisco Álvarez 0-0: Called Strike
0-1: SINGLE (Groundball, 6MD)
Batting: RHB António Valdéz 0-0: Foul Ball, location: 2F
0-1: Called Strike
0-2: Ball
1-2: Ball
2-2: Ball
3-2: Strikes out swinging
Batting: LHB Javier Orozco 0-0: Ball
1-0: SINGLE (Groundball, 25) (infield hit)
Cisco Álvarez to second
Batting: RHB Don Keating 0-0: Called Strike
0-1: Called Strike
0-2: Ball
1-2: Ball
2-2: Ball
3-2: Fly out, F4 (Line Drive, 4)
3-2: Lined into DP, 4-6 (Line Drive, 4)
Top of the 4th over - 0 run(s), 2 hit(s), 0 error(s), 1 left on base; Waba 4 - Tuscaloosa 10
BOTTOM OF THE 4TH
Tuscaloosa Trout Slayers batting - Pitching for Waba Ducks : RHP Andrew Barnard
Batting: LHB Miguel Rosa 0-0: Foul Ball, location: 2F
0-1: Ground out 3-1 (Groundball, 34S)
Batting: LHB Damon Mitchell 0-0: Ball
1-0: Called Strike
1-1: SOLO HOME RUN (Line Drive, 9D), Distance : 391 ft
Batting: LHB Ricardo Berroa 0-0: Ball
1-0: Ball
2-0: Ball
3-0: Called Strike
3-1: Base on Balls
Batting: LHB Sergio Barrón 0-0: Ball
1-0: Ball
2-0: Ball
3-0: Called Strike
3-1: Foul Ball, location: 2F
3-2: Reached on error, E1 (Groundball, 25)
Ricardo Berroa to second
Batting: LHB Ed Hart 0-0: Ball
1-0: Foul Ball, location: 2F
1-1: SINGLE (Groundball, 6MD)
Ricardo Berroa to third
Sergio Barrón to second
Runner from 3rd tries for Home, SAFE, no throw or cutoff
Batting: RHB Dave Hall 0-0: Called Strike
0-1: Foul Ball, location: 2F
0-2: Ball
1-2: Grounds into double play, 1-6-3 (Groundball, 15S)
Bottom of the 4th over - 2 run(s), 2 hit(s), 1 error(s), 1 left on base; Waba 4 - Tuscaloosa 12
TOP OF THE 5TH
Waba Ducks batting - Pitching for Tuscaloosa Trout Slayers : RHP Rodney Hall
Batting: LHB Terry White 0-0: Foul Ball, location: 2F
0-1: Ball
1-1: Ball
2-1: Called Strike
2-2: Ball
3-2: SINGLE (Line Drive, 4MD)
Batting: RHB Chris Osborn 0-0: Called Strike
0-1: Foul Ball, location: 2F
0-2: Ball
1-2: Foul Ball, location: 2F
1-2: Strikes out swinging
Batting: RHB Ed Small 0-0: Ball
1-0: Foul Ball, location: 2F
1-1: Ball
2-1: Ball
3-1: Base on Balls
Terry White to second
Batting: RHB Pedro Molina 0-0: Called Strike
0-1: Ball
1-1: Ball
2-1: Ball
3-1: Called Strike
3-2: DOUBLE (Flyball, 89XD)
Terry White scores
Ed Small to third
Runner from 3rd tries for Home, SAFE, no throw or cutoff
Batting: RHB Ángelo García 0-0: Ball
1-0: Fly out, F3 (Popup, 3F)
Batting: SHB Cisco Álvarez 0-0: Foul Ball, location: 2F
0-1: Foul Ball, location: 2F
0-2: Ball
1-2: Ball
2-2: SINGLE (Groundball, 34)
Pedro Molina to third
Runner from 3rd tries for Home, SAFE, no throw or cutoff
Pitching: RHP Alfonso Martínez
Batting: RHB António Valdéz 0-0: Called Strike
0-1: Ball
1-1: Fly out, F9 (Flyball, 89S)
Top of the 5th over - 3 run(s), 3 hit(s), 0 error(s), 1 left on base; Waba 7 - Tuscaloosa 12
BOTTOM OF THE 5TH
Tuscaloosa Trout Slayers batting - Pitching for Waba Ducks : RHP Andrew Barnard
Batting: RHB Pat Fullerton 0-0: Ball
1-0: Called Strike
1-1: SINGLE (Line Drive, 7S)
Batting: RHB Jason Erickson 0-0: Ground out 5-3 (Groundball, 5)
Pat Fullerton to second
Batting: SHB Jerry Kennedy 0-0: Ball
1-0: Foul Ball, location: 2F
1-1: Swinging Strike
1-2: Ball
2-2: Foul Ball, location: 2F
2-2: Foul Ball, location: 2F
2-2: Ball
3-2: Base on Balls
Batting: LHB Miguel Rosa 0-0: Ball
1-0: Ball
2-0: Ball
3-0: Fielders Choice at 2nd, 1-6 (Groundball, 13S)
Pat Fullerton to third
Batting: LHB Damon Mitchell 0-0: Ball
1-0: Ball
2-0: Ball
3-0: Base on Balls
Miguel Rosa to second
Batting: LHB Ricardo Berroa 0-0: Called Strike
0-1: Ball
1-1: Ball
2-1: Ball
Reached via error on a dropped throw, E1
Pat Fullerton scores
Miguel Rosa to third
Damon Mitchell to second
Batting: LHB Sergio Barrón 0-0: Called Strike
0-1: Ball
1-1: Foul Ball, location: 2F
1-2: SINGLE (Line Drive, 7S)
Miguel Rosa scores
Damon Mitchell to third
Ricardo Berroa to second
Runner from 3rd tries for Home, SAFE, no throw or cutoff
Pitching: LHP Dale Spencer
Batting: LHB Ed Hart 0-0: Ball
1-0: Ball
2-0: Foul Ball, location: 2F
2-1: Ball
3-1: Base on Balls
Ricardo Berroa to third
Sergio Barrón to second
Batting: RHB Dave Hall 0-0: SINGLE (Groundball, 56)
Ricardo Berroa scores
Sergio Barrón to third
Ed Hart to second
Runner from 3rd tries for Home, SAFE, throw made home
Ed Hart to third
Dave Hall to second
Batting: RHB Pat Fullerton 0-0: Called Strike
0-1: Ball
1-1: Foul Ball, location: 2F
1-2: SINGLE (Groundball, 56D) (infield hit)
Ed Hart scores
Dave Hall to third
Batting: RHB Jason Erickson 0-0: Fly out, F9 (Line Drive, 9M)
Bottom of the 5th over - 6 run(s), 4 hit(s), 1 error(s), 2 left on base; Waba 7 - Tuscaloosa 18
TOP OF THE 6TH
Waba Ducks batting - Pitching for Tuscaloosa Trout Slayers : RHP Alfonso Martínez
Batting: LHB Javier Orozco 0-0: Foul Ball, location: 2F
0-1: Foul Ball, location: 2F
0-2: Foul Ball, location: 2F
0-2: SINGLE (Groundball, 34D) (infield hit)
Batting: RHB Don Keating 0-0: Called Strike
0-1: Ball
1-1: Ball
2-1: Ball
3-1: Foul Ball, location: 2F
3-2: Fly out, F7 (Popup, 78S)
Batting: LHB Terry White 0-0: Ball
Javier Orozco is caught stealing 2nd base
1-0: Called Strike
1-1: Called Strike
1-2: Ball
2-2: Ball
3-2: Base on Balls
Batting: RHB Chris Osborn 0-0: Ball
1-0: Ball
2-0: Ball
3-0: Called Strike
3-1: Foul Ball, location: 2F
3-2: TRIPLE (Line Drive, 3L)
Terry White scores
Batting: RHB Ed Small 0-0: Swinging Strike
0-1: Swinging Strike
0-2: Ball
1-2: Ball
2-2: Strikes out swinging
Top of the 6th over - 1 run(s), 2 hit(s), 0 error(s), 1 left on base; Waba 8 - Tuscaloosa 18
BOTTOM OF THE 6TH
Tuscaloosa Trout Slayers batting - Pitching for Waba Ducks : LHP Dale Spencer
Batting: SHB Jerry Kennedy 0-0: Ball
1-0: Foul Ball, location: 2F
1-1: Ball
2-1: Ball
3-1: Ground out 1-3 (Groundball, 13)
Batting: LHB Miguel Rosa 0-0: Swinging Strike
0-1: Ball
1-1: Ball
2-1: Ball
3-1: Swinging Strike
3-2: Foul Ball, location: 2F
3-2: Foul Ball, location: 2F
3-2: Foul Ball, location: 2F
3-2: Strikes out swinging
Batting: LHB Damon Mitchell 0-0: Called Strike
0-1: Ball
1-1: Ball
2-1: Called Strike
2-2: SINGLE (Groundball, 34)
Batting: LHB Ricardo Berroa 0-0: Ball
1-0: Fly out, F8 (Flyball, 8RD)
Bottom of the 6th over - 0 run(s), 1 hit(s), 0 error(s), 1 left on base; Waba 8 - Tuscaloosa 18
TOP OF THE 7TH
Waba Ducks batting - Pitching for Tuscaloosa Trout Slayers : RHP Alfonso Martínez
Batting: RHB Pedro Molina 0-0: Called Strike
0-1: SOLO HOME RUN (Flyball, 78XD), Distance : 382 ft
Batting: RHB Ángelo García 0-0: Foul Ball, location: 2F
0-1: SINGLE (Flyball, 6MD)
Batting: SHB Cisco Álvarez 0-0: Ball
1-0: Foul Ball, location: 2F
1-1: Swinging Strike
1-2: Foul Ball, location: 2F
1-2: Ball
Ángelo García steals 2nd base
2-2: Ball
3-2: Strikes out looking
Pitching: LHP Pedro Flores
Batting: RHB António Valdéz 0-0: Ground out 5-3 (Groundball, 5S)
Ángelo García to third
Batting: LHB Javier Orozco 0-0: Ball
1-0: Ball
2-0: Foul Ball, location: 2F
2-1: Ball
3-1: DOUBLE (Flyball, 89D)
Ángelo García scores
Batting: RHB Don Keating 0-0: Ball
1-0: Ball
2-0: Ball
3-0: Called Strike
3-1: Foul Ball, location: 2F
3-2: Foul Ball, location: 2F
3-2: Base on Balls
Batting: LHB Terry White 0-0: Foul Ball, location: 2F
0-1: Ball
1-1: Ground out 4-3 (Groundball, 4)
Top of the 7th over - 2 run(s), 3 hit(s), 0 error(s), 2 left on base; Waba 10 - Tuscaloosa 18
BOTTOM OF THE 7TH
Tuscaloosa Trout Slayers batting - Pitching for Waba Ducks : LHP Dale Spencer
Batting: LHB Sergio Barrón 0-0: Ball
1-0: SINGLE (Groundball, 5D)
Batting: LHB Ed Hart 0-0: Foul Ball, location: 2F
0-1: Fly out, F7 (Line Drive, 78M)
Batting: RHB Dave Hall 0-0: Called Strike
0-1: Grounds into double play, 4-6-3 (Groundball, 4)
Bottom of the 7th over - 0 run(s), 1 hit(s), 0 error(s), 0 left on base; Waba 10 - Tuscaloosa 18
TOP OF THE 8TH
Waba Ducks batting - Pitching for Tuscaloosa Trout Slayers : LHP Pedro Flores
Now at 1B: Alberto Pérez
Batting: RHB Chris Osborn 0-0: Ball
1-0: Called Strike
1-1: Ball
2-1: Foul Ball, location: 2F
2-2: Ball
3-2: Base on Balls
Batting: RHB Ed Small 0-0: Ball
1-0: Ball
2-0: Called Strike
2-1: DOUBLE (Line Drive, 5D)
Chris Osborn to third
Batting: RHB Pedro Molina 0-0: Ball
1-0: Ground out 6-3 (Groundball, 6M)
Chris Osborn scores
Ed Small to third
Batting: RHB Ángelo García 0-0: Ball
1-0: Ball
2-0: Foul Ball, location: 2F
2-1: Ball
3-1: Swinging Strike
3-2: SINGLE (Flyball, 9S)
Ed Small scores
Batting: SHB Cisco Álvarez 0-0: Ball
1-0: Ball
2-0: Called Strike
2-1: Swinging Strike
2-2: Ball
3-2: Strikes out swinging
Ángelo García is caught stealing 2nd base
Batter strikes out.
Top of the 8th over - 2 run(s), 2 hit(s), 0 error(s), 0 left on base; Waba 12 - Tuscaloosa 18
BOTTOM OF THE 8TH
Tuscaloosa Trout Slayers batting - Pitching for Waba Ducks : LHP Dale Spencer
Pitching: RHP Yodo Nishikawa
Batting: RHB Pat Fullerton 0-0: Ball
1-0: Called Strike
1-1: Called Strike
1-2: Strikes out swinging
Batting: RHB Jason Erickson 0-0: Called Strike
0-1: Ball
1-1: Called Strike
1-2: Ball
2-2: Fly out, F9 (Flyball, 9S)
Batting: SHB Jerry Kennedy 0-0: Ground out 3-1 (Groundball, 34)
Bottom of the 8th over - 0 run(s), 0 hit(s), 0 error(s), 0 left on base; Waba 12 - Tuscaloosa 18
TOP OF THE 9TH
Waba Ducks batting - Pitching for Tuscaloosa Trout Slayers : LHP Pedro Flores
Now at SS: Tetsunori Ito
Now in CF: Lowie van den Bogaert
Batting: RHB António Valdéz 0-0: Called Strike
0-1: Ball
1-1: Foul Ball, location: 2F
1-2: Ball
2-2: Ground out 6-3 (Groundball, 6)
Pitching: LHP Claude Pinard
Batting: LHB Javier Orozco 0-0: Called Strike
0-1: Foul Ball, location: 2F
0-2: Hit by Pitch
Pinch Runner at 1st Ramón Torres:
Batting: RHB Don Keating 0-0: DOUBLE (Flyball, 89XD)
Ramón Torres to third
Runner from 3rd tries for Home, SAFE, no throw or cutoff
Batting: LHB Terry White 0-0: Ball
1-0: Called Strike
1-1: Foul Ball, location: 2F
1-2: Foul Ball, location: 2F
1-2: Ball
2-2: Ground out 4-3 (Groundball, 34)
Don Keating to third
Batting: RHB Chris Osborn 0-0: Swinging Strike
0-1: Ball
1-1: SINGLE (Groundball, 4MD)
Don Keating scores
Batting: RHB Ed Small 0-0: Ball
1-0: Ball
2-0: Ball
3-0: Called Strike
3-1: Base on Balls
Chris Osborn to second
Pitching: RHP John Charles
Batting: RHB Pedro Molina 0-0: Ball
1-0: Foul Ball, location: 2F
1-1: Swinging Strike
1-2: Strikes out swinging
Top of the 9th over - 2 run(s), 2 hit(s), 0 error(s), 2 left on base; Waba 14 - Tuscaloosa 18
Monday, December 5th, 2016 - OOTP Baseball 17.12 Build 75